 Dungeon Crawl Stone Soup version 0.24-a0-433-gbe6fa4f6cc (webtiles) character file.

Game seed: 15795125707835122751

9825 Maize the Cleaver (level 11, -4/121 HPs)
             Began as a Minotaur Berserker on May 25, 2019.
             Was a High Priest of Trog.
             Killed from afar by a starcursed mass (illusionary) (8 damage)
             ... with an accursed screaming
             ... on level 3 of the Abyss on June 14, 2019.
             The game lasted 00:19:34 (8116 turns).

Maize the Cleaver (Minotaur Berserker)              Turns: 8116, Time: 00:19:35

Health: -4/121     AC: 17    Str: 25    XL:     11   Next: 28%
Magic:  0/10       EV:  8    Int:  4    God:    Trog [*****.]
Gold:   621        SH:  0    Dex: 11    Spells: 10/10 levels left

rFire    . . .     SeeInvis .   Q - +3 battleaxe (elec)
rCold    . . .     Gourm    .   (shield currently unavailable)
rNeg     . . .     Faith    .   M - +0 plate armour (curse)
rPois    +         Spirit   +   (helmet restricted)
rElec    .         Reflect  .   P - +2 cloak {+Inv}
rCorr    .         Harm     .   H - +1 pair of gloves of the Blind Marksman {Stlth+}
MR       .....     Rnd*Rage +   L - +0 pair of boots
Stlth    ..........             q - amulet of guardian spirit
HPRegen  0.30/turn              p - ring of poison resistance
MPRegen  0.12/turn              x - ring of flight

@: berserking, very quick
A: retaliatory headbutt, horns 2, [berserk 1], [deformed body], [frail 2], [weak
2], [subdued magic 2]
a: Berserk, Trog's Hand, Brothers in Arms, Renounce Religion, Evoke
Invisibility, Evoke Flight


You were on level 3 of the Abyss.
You worshipped Trog.
Trog was extremely pleased with you.
You were near starving.

You visited 1 branch of the dungeon, and saw 10 of its levels.
You visited the Abyss 1 time.

You collected 621 gold pieces.

Inventory:

Hand Weapons
 Q - a +3 battleaxe of electrocution (weapon)
Armour
 H - the +1 pair of gloves of the Blind Marksman (worn) {Stlth+}
   (You found it on level 6 of the Dungeon)

   It makes you more stealthy.
 L - a +0 pair of boots (worn)
 M - a cursed +0 plate armour (worn)
 P - a +2 cloak of invisibility (worn)
Jewellery
 p - a ring of poison resistance (left hand)
 q - an amulet of guardian spirit (around neck)
 x - a ring of flight (right hand)
 D - an uncursed ring of see invisible {unknown}
 I - a +3 ring of intelligence {unknown}
 J - an uncursed amulet of faith
Wands
 a - a wand of iceblast (13)
 d - a wand of paralysis (10)
 i - a wand of disintegration (26)
 r - a wand of polymorph (3)
 y - a wand of flame (21)
Scrolls
 f - a scroll of fear {unknown}
 g - 4 scrolls of enchant armour
 k - a scroll of magic mapping {unknown}
 m - 5 scrolls of teleportation
 o - 2 scrolls of remove curse
 u - a scroll of immolation {unknown}
 v - a scroll of fog {unknown}
 B - 2 scrolls of acquirement
 E - a scroll of blinking {unknown}
 F - a scroll of enchant weapon {unknown}
 G - a scroll of random uselessness {unknown}
 O - 2 scrolls of vulnerability {unknown}
 S - 2 scrolls of noise {unknown}
Potions
 e - 4 potions of invisibility
 h - 2 potions of mutation {unknown}
 j - 9 potions of curing
 l - a potion of experience {unknown}
 n - a potion of lignification {unknown}
 s - a potion of resistance {unknown}
 z - a potion of might
 C - 3 potions of heal wounds
 K - a potion of berserk rage {unknown}
 N - a potion of cancellation {unknown}
 R - a potion of ambrosia {unknown}
Comestibles
 c - 27 rations
 w - 5 chunks of flesh


   Skills:
 + Level 11.1 Fighting
 * Level 14.6 Axes
 + Level 10.9 Armour
 - Level 2.6 Dodging


You had 10 spell levels left.
You didn't know any spells.
Your spell library was empty.

Dungeon Overview and Level Annotations

Branches:
Dungeon (10/15)            Temple (0/1) D:6             Orc (0/2) D:9
   Lair: D:8-11

Altars:
Ashenzari
Cheibriados
Hepliaklqana
Kikubaaqudgha
Makhleb
Ru
Vehumet
Yredelemnul

Portals:
Trove: D:10 (give 7 potions of haste)

Annotations:
D:10 Psyche


Innate Abilities, Weirdness & Mutations

You reflexively headbutt those who attack you in melee.
You have a pair of horns on your head.
[You tend to lose your temper in combat.]
[Armour fits poorly on your strangely shaped body.]
[You are very frail. (-20% HP)]
[You are very weak. (Str -4)]
[Your spells are easier to cast, but less powerful.]


Message History

The tentacled starspawn bites you but does no damage.
The tentacled starspawn engulfs you but does no damage.
The starspawn tentacle grabs you.
* * * LOW HITPOINT WARNING * * *
The starspawn tentacle constricts you.
You slice the tentacled starspawn!!
The starspawn tentacle loses its grip on you.
The tentacled starspawn is almost destroyed.
You slash the starspawn tentacle!
Lightning courses through the starspawn tentacle!!
You destroy the starspawn tentacle!
You destroy the tentacled starspawn!
Trog accepts your kill.
The starspawn's tentacles wither and die.
You feel the corruption within you wane somewhat.
Your vision sharpens a little.
You feel a little less angry.
Your vision sharpens.
Your Fighting skill increases to level 11!
A starcursed mass splits.
A chorus of shrieks assaults your mind.
You die...

.x# #.
#.#.W###.
.ยง ###
#.. W#.##
.. #..
.... ....
. . #
.....#..#
# .
.X..#.. ..
#..x#X#..
#.
##..##..##
#.##XX.# .
##..@#.#
###.#.#
### .


You could see 4 starcursed masses.

Vanquished Creatures
  A tentacled starspawn (Abyss:3)
  A death knight (D:9)
  A wretched star (Abyss:3)
  A cyclops (D:9)
  A worldbinder (Abyss:3)
  Joseph (D:8)
  Maurice (D:8)
  A troll (D:10)
  A hippogriff (D:9)
  A shadow (D:8)
  A spriggan (D:7)
  A hungry ghost (D:10)
  4 sky beasts
  2 ice beasts
  An eye of draining (D:8)
  A necrophage (D:9)
  4 orc warriors
  2 ogres
  A centaur (D:3)
  A big kobold (D:9)
  9 bullfrogs
  A small abomination (Abyss:3)
  An earth elemental (Abyss:3)
  A wyvern skeleton (D:7)
  A scorpion (D:7)
  6 killer bees (D:10)
  9 wights
  3 howler monkeys
  A centaur zombie (D:6)
  6 crimson imps
  A bullfrog zombie (D:7)
  3 hounds
  3 orc priests
  4 centaur skeletons
  A jelly (D:3)
  2 iguanas
  Terence (D:2)
  11 orc wizards
  9 worker ants
  A killer bee zombie (D:9)
  A worker ant zombie (D:7)
  Robin (D:3)
  14 adders
  4 shadow imps
  An ooze (D:2)
  2 adder zombies (D:6)
  A worm (D:2)
  2 dart slugs
  2 leopard geckos
  33 orcs
  A ball python (D:3)
  8 bats
  11 giant cockroaches
  19 goblins
  10 hobgoblins
  10 jackals
  11 kobolds
  3 quokkas
  7 frilled lizards
  A leopard gecko skeleton (D:5)
  A leopard gecko zombie (D:6)
  11 rats
  A starspawn tentacle (Abyss:3)
257 creatures vanquished.

Vanquished Creatures (collateral kills)
  3 orc warriors (D:9)
  An orc priest (D:9)
  An orc wizard (D:9)
  An orc (D:9)
6 creatures vanquished.

Vanquished Creatures (others)
  A lurking horror (Abyss:3)
  A starspawn tentacle (Abyss:3)
2 creatures vanquished.

Grand Total: 265 creatures vanquished

Notes
Turn   | Place    | Note
-------+----------+-------------------------------------------
     0 | D:1      | Maize the Minotaur Berserker began the quest for the Orb.
     0 | D:1      | Reached XP level 1. HP: 19/19 MP: 0/0
    63 | D:1      | Reached XP level 2. HP: 21/27 MP: 1/1
   497 | D:1      | Reached skill level 4 in Axes
   579 | D:1      | Reached ** piety under Trog
   828 | D:2      | Reached XP level 3. HP: 32/33 MP: 2/2
  1190 | D:2      | Found a faded altar of an unknown god.
  1400 | D:2      | Found a radiant altar of Vehumet.
  1405 | D:2      | Noticed Terence
  1415 | D:2      | Killed Terence
  1415 | D:2      | Reached XP level 4. HP: 15/41 MP: 3/3
  1429 | D:2      | Upgraded the game from 0.24-a0-358-g53aee78b01 to
                  | 0.24-a0-370-g78e9d4e317
  1906 | D:2      | Upgraded the game from 0.24-a0-370-g78e9d4e317 to
                  | 0.24-a0-433-gbe6fa4f6cc
  1954 | D:3      | Reached skill level 5 in Axes
  2100 | D:3      | Noticed a centaur
  2110 | D:3      | Killed a centaur
  2110 | D:3      | Reached *** piety under Trog
  2110 | D:3      | Reached XP level 5. HP: 34/47 MP: 4/4
  2167 | D:3      | Reached skill level 5 in Fighting
  2182 | D:3      | Reached skill level 6 in Axes
  2182 | D:3      | Reached XP level 6. HP: 44/56 MP: 3/5
  2554 | D:3      | Noticed Robin
  2570 | D:3      | Reached **** piety under Trog
  2584 | D:3      | Killed Robin
  3380 | D:4      | Reached skill level 7 in Axes
  3380 | D:4      | Reached skill level 5 in Armour
  3728 | D:5      | Entered Level 5 of the Dungeon
  3738 | D:5      | Reached XP level 7. HP: 59/62 MP: 3/6
  4087 | D:5      | Reached skill level 8 in Axes
  4194 | D:5      | Found a hazy altar of Hepliaklqana.
  4581 | D:6      | Reached XP level 8. HP: 64/71 MP: 3/7
  4653 | D:6      | Got a pair of slimy gloves
  4659 | D:6      | Identified the +1 pair of gloves of the Blind Marksman
                  | {Stlth+} (You found it on level 6 of the Dungeon)
  4774 | D:6      | Reached skill level 9 in Axes
  4816 | D:6      | Found a staircase to the Ecumenical Temple.
  4933 | D:6      | Reached ***** piety under Trog
  5129 | D:6      | Found an ancient bone altar of Kikubaaqudgha.
  5131 | D:6      | Found a burning altar of Makhleb.
  5139 | D:6      | Found a shattered altar of Ashenzari.
  5152 | D:6      | Found a snail-covered altar of Cheibriados.
  5155 | D:6      | Found a basalt altar of Yredelemnul.
  5677 | D:7      | Reached skill level 10 in Axes
  5854 | D:7      | Reached XP level 9. HP: 66/81 MP: 6/8
  6107 | D:8      | Received a gift from Trog
  6107 | D:8      | Reached skill level 11 in Axes
  6416 | D:8      | Noticed Maurice
  6494 | D:8      | Noticed Joseph
  6503 | D:8      | Killed Joseph
  6596 | D:8      | Reached skill level 12 in Axes
  6815 | D:8      | Killed Maurice
  6815 | D:8      | Reached XP level 10. HP: 87/91 MP: 9/9
  6986 | D:9      | Found a staircase to the Orcish Mines.
  6986 | D:9      | Noticed a death knight
  6997 | D:9      | Killed a death knight
  7322 | D:9      | Reached skill level 13 in Axes
  7336 | D:9      | Reached skill level 10 in Fighting
  7405 | D:9      | Noticed a cyclops
  7414 | D:9      | Killed a cyclops
  7750 | D:10     | Entered Level 10 of the Dungeon
  7815 | D:10     | Reached skill level 10 in Armour
  7988 | D:10     | Found a portal to a secret trove of treasure.
  7998 | D:10     | Found a sacrificial altar of Ru.
  8001 | D:10     | Identified 2 scrolls of acquirement
  8033 | D:10     | Noticed Psyche
  8038 | D:10     | Cast into level 2 of the Abyss (Psyche)
  8046 | Abyss:2  | Noticed a wretched star
  8081 | Abyss:3  | Noticed a wretched star
  8082 | Abyss:3  | Noticed a rakshasa
  8082 | Abyss:3  | Noticed a worldbinder
  8102 | Abyss:3  | Killed a worldbinder
  8102 | Abyss:3  | Reached skill level 14 in Axes
  8102 | Abyss:3  | Reached XP level 11. HP: 50/80 MP: 4/10
  8104 | Abyss:3  | Noticed a starcursed mass
  8107 | Abyss:3  | Noticed a tentacled starspawn
  8108 | Abyss:3  | HP: 4/120 [wretched star/orb of energy (20)]
  8114 | Abyss:3  | Killed a wretched star
  8114 | Abyss:3  | HP: 3/120 [starspawn tentacle[a tentacled starspawn] (2)]
  8115 | Abyss:3  | Killed a tentacled starspawn
  8116 | Abyss:3  | Killed from afar by a starcursed mass (illusionary)

Levels and vault maps discovered:
D:1:      onia_arrival_pentagram, layout_basic
D:2:      layout_basic, nicolae_overflow_crystal_walls, first_ration,
          chequers_ecumenical_altar_island, uniq_terence
D:3:      kennysheep_goblin_castle, layout_rooms, serial_bayou,
          serial_bayou_pond_a, serial_bayou_lagoon_b, serial_bayou_pond_e,
          serial_bayou_pond_b, serial_bayou_pond_e, serial_bayou_pond_d,
          kennysheep_generic_room_16
D:4:      layout_loops_ring, nrook_campfire, kennysheep_generic_room_6
D:5:      layout_loops_ring, lemuel_round_altar, serial_glass, glass_columns_a,
          glass_columns_a
D:6:      layout_basic, minmay_overflow_temple_star_hex,
          minmay_temple_entry_sparse_star
D:7:      layout_gridville, the_bakery
D:8:      layout_gridville, uniq_joseph, uniq_maurice
D:9:      layout_roguey, david_orc_3
D:10:     layout_roguey, basic_altar, serial_corexii_hall,
          corexii_hall_statues_i, chequers_hall_statues_y,
          nicolae_trove_entry_crossroad, uniq_psyche
Abyss:3:  guppyfry_abyss_exit_spiral_guarded

Skill      XL: |  1  2  3  4  5  6  7  8  9 10 11 |
---------------+----------------------------------+-----
Axes           | 4 5 6 7 8 10 12 14 | 14.6
Fighting       | 4 5 6 8 9 10 11 | 11.1
Armour         | 3 4 5 6 7 9 10 | 10.9
Dodging        | |  2.6

Action                   |  1- 3 |  4- 6 |  7- 9 | 10-12 || total
-------------------------+-------+-------+-------+-------++-------
Melee: Hand axe          |    87 |   177 |    18 |       ||   282
       Headbutt          |     5 |    27 |    55 |    25 ||   112
       Battleaxe         |       |       |   266 |   119 ||   385
       Unarmed           |       |       |     9 |       ||     9
Invok: Berserk           |     1 |     1 |     3 |     3 ||     8
       Brothers in Arms  |       |       |       |     1 ||     1
  Use: Scroll            |       |     5 |     2 |     4 ||    11
  Eat: Chunk             |     1 |     9 |    14 |     8 ||    32
Armor: Animal skin       |    17 |       |       |       ||    17
       Scale mail        |       |    31 |       |       ||    31
       Chain mail        |       |    56 |   146 |       ||   202
       Plate armour      |       |       |     7 |    98 ||   105
       Skin              |       |       |     1 |       ||     1
Dodge: Dodged            |    53 |   102 |   117 |    47 ||   319

Table legend:
 A = Non-vault XP
 B = Vault XP
 C = Vault XP percentage of total XP
 D = Non-vault monster count
 E = Vault monster count
 F = Vault count percentage of total count
                 A         B        C        D         E       F
            +---------+---------+-------+---------+---------+-------
      Total |   12553 |    1483 |  10.6 |     224 |      38 |  14.5
            +---------+---------+-------+---------+---------+-------
        D:1 |      40 |       0 |   0.0 |      24 |       0 |   0.0
        D:2 |      53 |      36 |  40.4 |      18 |       1 |   5.3
        D:3 |     358 |      83 |  18.8 |      38 |      27 |  41.5
        D:4 |     125 |      33 |  20.9 |       6 |       1 |  14.3
        D:5 |     508 |       0 |   0.0 |      12 |       0 |   0.0
        D:6 |     916 |       0 |   0.0 |      22 |       0 |   0.0
        D:7 |    1127 |     211 |  15.8 |      26 |       1 |   3.7
        D:8 |    1438 |     884 |  38.1 |      27 |       2 |   6.9
        D:9 |    2666 |     236 |   8.1 |      30 |       6 |  16.7
       D:10 |    1691 |       0 |   0.0 |      16 |       0 |   0.0
    Abyss:3 |    3631 |       0 |   0.0 |       5 |       0 |   0.0
            +---------+---------+-------+---------+---------+-------
